 Dungeon Crawl Stone Soup version 0.25.0-1-g7eea58d (webtiles) character file.

Game seed: 16063073795025135961

208 brinewave the Skirmisher (level 5, -2/50 HPs)
             Began as a Minotaur Monk on June 16, 2020.
             Was a Believer of Qazlal.
             Killed by nerve-wracking pain
             ... invoked by an orc priest
              (12 damage)
             ... on level 4 of the Dungeon.
             The game lasted 00:06:48 (2331 turns).

brinewave the Skirmisher (Minotaur Monk)            Turns: 2331, Time: 00:06:49

Health: -2/50      AC:  5    Str: 16    XL:     5   Next: 55%
Magic:  4/4        EV: 13    Int:  7    God:    Qazlal [**....]
Gold:   118        SH:  3    Dex: 13    Spells: 4/4 levels left

rFire    . . .     SeeInvis .     - Unarmed
rCold    + . .     Gourm    .   (no shield)
rNeg     . . .     Faith    .   d - +2 robe {MR+}
rPois    .         Spirit   .   (helmet restricted)
rElec    .         Reflect  .   (no cloak)
rCorr    .         Harm     .   (no gloves)
MR       +....                  p - +0 pair of boots
Stlth    +.........             (no amulet)
HPRegen  0.16/turn              j - ring of protection from cold
MPRegen  0.09/turn              (no ring)

@: no status effects
A: retaliatory headbutt, horns 2
a: Upheaval, Renounce Religion


You were on level 4 of the Dungeon.
You worshipped Qazlal.
Qazlal was pleased with you.
You were not hungry.

You visited 1 branch of the dungeon, and saw 4 of its levels.

You collected 118 gold pieces.

Inventory:

Missiles
 c - 13 poisoned darts (quivered)
 m - 11 arrows
 o - 40 bolts
Armour
 a - a +0 robe
 d - a +2 robe of magic resistance (worn)
 i - a +0 robe
 p - a +0 pair of boots (worn)
Jewellery
 j - a ring of protection from cold (left hand)
 t - an uncursed ring of see invisible {unknown}
Wands
 k - a wand of flame (40)
 r - a wand of paralysis (7)
Scrolls
 f - a scroll of identify
 g - 4 scrolls of remove curse
 l - 2 scrolls of amnesia {unknown}
 q - a scroll of teleportation
Potions
 e - a potion of curing {unknown}
 h - a potion of resistance {unknown}
 n - a potion of mutation {unknown}
 s - a potion of brilliance {unknown}
Comestibles
 b - 4 rations
 u - 3 chunks of flesh


   Skills:
 + Level 6.0 Fighting
 - Level 3.2 Dodging
 - Level 1.5 Stealth
 + Level 5.4 Unarmed Combat


You had 4 spell levels left.
You didn't know any spells.
Your spell library was empty.

Dungeon Overview and Level Annotations

Branches:
Dungeon (4/15)
 Temple: D:4-7

Altars:
Qazlal
Vehumet


Innate Abilities, Weirdness & Mutations

You reflexively headbutt those who attack you in melee.
You have a pair of horns on your head.


Message History

You close the door.
An orc opens the door.
You close the door.
An orc opens the door.
You close the door.
An orc opens the door.
Some of the chunks of flesh in your inventory have rotted away.
You close the door.
An orc opens the door.
You hit the orc. Your headbutt misses the orc.
The orc is almost dead.
The orc hits you with a +0 short sword.
* * * LOW HITPOINT WARNING * * *
You barely miss the orc. Your headbutt misses the orc.
The orc is almost dead.
The orc barely misses you.
You hit the orc.
You kill the orc!
Qazlal accepts your kill.
Your Fighting skill increases to level 6!
The orc priest looks braver for a moment.
The orc priest mumbles some strange prayers to Beogh against you.
Pain shoots through your body!
You die...

..........................>#
######.#.##.#########.#.#.#
#.#.##.# #.#.#.# #.#.##.#
#.#.#.# #.#....# #.#.#.#
########.######### #.#.#.#
..............)..# ..#.#.#
.###############.#+######.#.#
.......@.#)....o....#.#
########.#.....o.o..... ...
#.##.#######.#.# .....#)##.##
# .......oo...# ..........#.#
.#.##.....#.# #........#.#
#####.###..


You could see 2 orc priests.

Vanquished Creatures
  2 orc wizards
  A centaur skeleton (D:4)
  A worker ant (D:4)
  Natasha (D:3)
  2 adders (D:3)
  2 worms (D:3)
  A dart slug (D:3)
  A leopard gecko (D:2)
  7 orcs
  3 bats
  5 goblins
  4 hobgoblins (D:1)
  8 kobolds
  A quokka (D:3)
  3 frilled lizards (D:2)
  5 rats
47 creatures vanquished.

Notes
Turn   | Place    | Note
-------+----------+-------------------------------------------
     0 | D:1      | brinewave the Minotaur Monk began the quest for the Orb.
     0 | D:1      | Reached XP level 1. HP: 19/19 MP: 0/0
   195 | D:1      | Reached skill level 4 in Fighting
   195 | D:1      | Reached XP level 2. HP: 17/27 MP: 1/1
   784 | D:2      | Found a stormy altar of Qazlal.
   885 | D:2      | Became a worshipper of Qazlal Stormbringer
   885 | D:2      | Reached * piety under Qazlal
   885 | D:2      | Reached ** piety under Qazlal
   931 | D:2      | Found a radiant altar of Vehumet.
  1389 | D:2      | Reached XP level 3. HP: 29/34 MP: 2/2
  1647 | D:3      | Noticed Natasha
  1662 | D:3      | Killed Natasha
  1662 | D:3      | Reached XP level 4. HP: 30/41 MP: 3/3
  1668 | D:3      | Reached skill level 5 in Fighting
  2038 | D:4      | Reached skill level 5 in Unarmed Combat
  2038 | D:4      | Reached XP level 5. HP: 49/49 MP: 4/4
  2329 | D:4      | Reached skill level 6 in Fighting
  2331 | D:4      | Killed from afar by an orc priest

Illustrated notes

Levels and vault maps discovered:
D:1:      dpeg_arrival_arbitrary_b, layout_basic
D:2:      layout_basic, vehumet_crystals, minmay_misc_feat_alley,
          grunt_qazlal_clouds
D:3:      layout_loops_ring, uniq_natasha, uniq_terence
D:4:      layout_basic, kennysheep_mini, first_ration

Skill      XL: |  1  2  3  4  5 |
---------------+----------------+-----
Fighting       | 4 5 6 |  6.0
Unarmed Combat | 4 5 |  5.4
Dodging        | |  3.2
Stealth        | |  1.5

Action                   |  1- 3 |  4- 6 || total
-------------------------+-------+-------++-------
Melee: Unarmed           |    81 |    62 ||   143
       Headbutt          |    14 |    13 ||    27
       Punch             |     1 |     1 ||     2
  Use: Scroll            |     6 |       ||     6
 Stab: Sleeping          |     3 |       ||     3
       Distracted        |     1 |       ||     1
  Eat: Chunk             |     2 |     2 ||     4
Armor: Robe              |    15 |    11 ||    26
Dodge: Dodged            |    62 |    25 ||    87
Block: Other             |     9 |     6 ||    15
